 Dungeon Crawl Stone Soup version 0.30-a0-137-gd8773701ce (webtiles) character file.

Game seed: 4583583962245370583

45 Iusername the Shield-Bearer (level 3, 0/33 HPs)
             Began as a Minotaur Fighter on Sept 22, 2022.
             Slain by Crazy Yiuf
             ... wielding a +2 quarterstaff of chaos
              (3 damage)
             ... on level 2 of the Dungeon.
             The game lasted 00:01:35 (1621 turns).

Iusername the Shield-Bearer (Minotaur Fighter)      Turns: 1621, Time: 00:01:35

Health: 0/33       AC:  7    Str: 22    XL:     3   Next: 42%
Magic:  2/2        EV:  9    Int:  5    God:
Gold:   160        SH:  0    Dex:  9    Spells: 2/2 levels left

rFire   . . .      SeeInvis .    a - +0 long sword
rCold   . . .      Faith    .    c - +0 buckler
rNeg    . . .      Spirit   .    b - +0 scale mail
rPois   .          Reflect  .    (helmet restricted)
rElec   .          Harm     .    (no cloak)
rCorr   .          Rampage  .    (no gloves)
Will    .....                    (no boots)
Stlth   ..........               (no amulet)
HPRegen 0.11/turn                (no ring)
MPRegen 0.08/turn                (no ring)

@: confused, mighty
A: horns 2, retaliatory headbutt
a: no special abilities


You were on level 2 of the Dungeon.
You visited 1 branch of the dungeon, and saw 2 of its levels.

You collected 160 gold pieces.

Inventory:

Hand Weapons
 a - a +0 long sword (weapon)
 p - the +8 hammer "Fuprimn" {antimagic, rPois}
   (You found it on level 2 of the Dungeon)

   It reduces the magical energy of the wielder, and disrupts the spells and
   magical abilities of those it strikes.
   Natural abilities and divine invocations are not affected.
   rPois:     It protects you from poison.
Armour
 b - a +0 scale mail (worn)
 c - a +0 buckler (worn)
Jewellery
 f - a ring of wizardry
 h - a ring of protection from cold
 m - a ring of poison resistance
 n - an amulet of regeneration
Scrolls
 e - a scroll of summoning {unknown}
 i - a scroll of teleportation {unknown}
 k - a scroll of amnesia {unknown}
 o - a scroll of poison {unknown}
Potions
 g - a potion of resistance {unknown}
 j - a potion of mutation {unknown}
 l - a potion of curing


   Skills:
 + Level 3.9 Fighting
 + Level 3.2 Long Blades
 + Level 3.9 Armour
 + Level 0.6 Dodging
 + Level 4.4 Shields


You had 2 spell levels left.
You didn't know any spells.
Your spell library was empty.

Dungeon Overview and Level Annotations

Branches:
Dungeon (2/15)

Altars:

Shops:
D:1 ((:*

Annotations:
D:2 Crazy Yiuf


Innate Abilities, Weirdness & Mutations

You have a pair of horns on your head.
You reflexively headbutt those who attack you in melee.


Message History

No target in view!
Unknown command.
o - a scroll labelled KURRIH FAA Unknown command.
Found a hammer.
No target in view!
Unknown command.
You see here a +0 hammer.
Found six hammers.
Found a runed translucent door.
You see here a +0 hammer.
No target in view!
Unknown command.
Found a hammer.
Crazy Yiuf says, "Mountain toodlewoodle chair!"
You see here a +0 hammer.
No target in view!
You see here the +8 hammer "Fuprimn" {antimagic, rPois}.
p - the +8 hammer "Fuprimn" {antimagic, rPois}
Found three hammers.
You see here a +0 hammer.
You open the door. You hit Crazy Yiuf.
Crazy Yiuf is lightly wounded.
Crazy Yiuf hits you with a +2 quarterstaff of chaos!
You are confused.
You barely miss Crazy Yiuf. Your headbutt misses Crazy Yiuf.
Crazy Yiuf is lightly wounded.
Crazy Yiuf laughs, "Gnoll!"
Crazy Yiuf hits you with a +2 quarterstaff of chaos!
* * * LOW HITPOINT WARNING * * *
Crazy Yiuf burns you.
* * * LOW HITPOINT WARNING * * *
You feel very mighty all of a sudden.
Crazy Yiuf grits, "Nubble illywillydillykilly down!"
Crazy Yiuf hits you with a +2 quarterstaff of chaos.
* * * LOW HITPOINT WARNING * * *
You are more confused.
You bump into the rock wall.
Crazy Yiuf hits you with a +2 quarterstaff of chaos.
You die...

###### .... #....#
#.# ####'#####..
##### #........# #
#).)# #........#.#
#)))# #........#..
))) #........### #g#
#..#........ #@##
#..######### ##.#
#..# #.....# ####
#)## #..###'###.#
#..# ##)#
#####......# #..#
##)## #...........
#..# ##..)#
#........... #..#
#....# #......###..
#..# #....# #......#
#..
#..#####..####......#
#..


You could see Crazy Yiuf.

Vanquished Creatures
  An adder (D:2)
  A dart slug (D:1)
  5 bats
  4 endoplasms
  A giant cockroach (D:2)
  2 goblins (D:2)
  5 hobgoblins
  A quokka (D:2)
  6 ball pythons
  3 frilled lizards (D:1)
  2 kobolds
  2 rats (D:2)
33 creatures vanquished.

Notes
Turn   | Place    | Note
-------+----------+-------------------------------------------
     0 | D:1      | Iusername the Minotaur Fighter began the quest for the Orb.
     0 | D:1      | Reached XP level 1. HP: 19/19 MP: 0/0
   330 | D:1      | Reached skill level 4 in Shields
   330 | D:1      | Reached XP level 2. HP: 27/27 MP: 1/1
   348 | D:1      | Found Boig's Antique Weapon Boutique.
   592 | D:1      | Found Esaluz's Book Shop.
   609 | D:1      | Found Wuggisoz's General Store.
   889 | D:1      | Found Ucustirch's Antique Weapon Shoppe.
  1189 | D:2      | Reached XP level 3. HP: 15/33 MP: 2/2
  1612 | D:2      | Found a runed translucent door.
  1613 | D:2      | Noticed Crazy Yiuf
  1614 | D:2      | Identified the +8 hammer "Fuprimn" {antimagic, rPois}
  1621 | D:2      | Slain by Crazy Yiuf

Illustrated notes

Levels and vault maps discovered:
D:1:      dpeg_arrival_orchard, layout_loops_ring, serial_shops,
          nicolae_shop_stone, nicolae_shop_hallway_stairs, nicolae_square_shop,
          shop, chequers_serial_rivers_small_a
D:2:      layout_basic, uniq_crazy_yiuf_cottage

Skill      XL: |  1  2  3 |
---------------+----------+-----
Shields        | 4 |  4.4
Long Blades    | 3 |  3.2
Fighting       | |  3.9
Armour         | |  3.9
Dodging        | |  0.6

Action                   || total
-------------------------++-------
Melee: Long sword        ||    79
       Headbutt          ||     6
  Use: Potion            ||     1
Armor: Scale mail        ||    46
Dodge: Dodged            ||    37
Block: Buckler           ||    18

Table legend: (Time is in decaauts)
 A = Elapsed time spent in this place.
 B = Non-inter-level travel time spent in this place.
 C = Inter-level travel time spent in this place.
 D = Time resting spent in this place.
 E = Time spent auto-exploring this place.
 F = Levels seen in this place.
 G = Mean time per level.
                   A        B        C        D        E       F      G
               +--------+--------+--------+--------+--------+-----+--------+
         Total |   1646 |   1538 |    108 |    177 |   1163 |   2 |  823.0 |
       Dungeon |   1646 |   1538 |    108 |    177 |   1163 |   2 |  823.0 |
               +--------+--------+--------+--------+--------+-----+--------+

Top non-repeatable levels by time:
     D:1: 1083 daAuts
     D:2: 562 daAuts
